[Event "European Womens-ch 2025"]
[Site "Rhodes"]
[Date "2025.04.04"]
[Round "5.1"]
[White "Khotenashvili, Bella"]
[Black "Roebers, Eline"]
[Result "1-0"]
[Annotator "RC"]
[ECO "D45"]
[WhiteElo "2418"]
[BlackElo "2367"]
[PlyCount "63"]
[EventDate "2025.03.29"]
[EventType "swiss"]
[EventCountry "GRE"]
[SourceTitle "playchess.com"]
[Source "ChessBase"]
[SourceQuality "1"]
[TimeControl "40/5400+30:1800+30"]

1. d4 d5 2. c4 e6 3. Nf3 Nf6 4. Nc3 c6 5. e3 Nbd7 6. b3 Bb4 7. Bd2 O-O 8. Be2 b6 9. O-O Bd6 10. Qc2 Bb7 11. cxd5 exd5 12. a4 a5 13. Bd3 c5 14. Nb5 Bb8 15. Bc3 Re8 16. Bf5 Ne4 17. Bb2 g6 18. Bh3 f5 19. Rad1 Qe7 20. Ba1 h6 21. Qb2 Kh7 22. g3 Rf8 23. Ne5 Nxe5 24. dxe5 h5 25. f3 Ng5 26. Bg2 Bc7 27. h4 Ne6 28. f4 Rad8 29. Bf3 Rd7 30. Qg2 Rfd8 31. Rd2 Ba6 32. Rxd5 1-0

[Event "European Womens-ch 2025"]
[Site "Rhodes"]
[Date "2025.04.04"]
[Round "5.2"]
[White "Beydullayeva, Govhar"]
[Black "Maltsevskaya, Aleksandra"]
[Result "0-1"]
[Annotator "RC"]
[ECO "D38"]
[WhiteElo "2400"]
[BlackElo "2376"]
[PlyCount "66"]
[EventDate "2025.03.29"]
[EventType "swiss"]
[EventCountry "GRE"]
[SourceTitle "playchess.com"]
[Source "ChessBase"]
[SourceQuality "1"]
[TimeControl "40/5400+30:1800+30"]

1. d4 Nf6 2. c4 e6 3. Nf3 d5 4. Nc3 Bb4 5. Bg5 h6 6. Bxf6 Qxf6 7. e3 O-O 8. Rc1 Nc6 9. Qb3 dxc4 10. Bxc4 Bd6 11. O-O e5 12. Nd5 Qd8 13. dxe5 Nxe5 14. Nxe5 Bxe5 15. f4 Bd6 16. e4 c6 17. Nc3 b5 18. Be2 Be6 19. Qc2 f5 20. e5 Be7 21. Kh1 Qb6 22. a3 Rad8 23. b4 a5 24. bxa5 Qxa5 25. a4 Rc8 26. axb5 Ba3 27. b6 Bxc1 28. Qxc1 Qxb6 29. Na4 Qd4 30. Nc5 Bd5 31. e6 Ra8 32. Re1 Qf2 33. Bf1 Ra2 0-1

[Event "European Womens-ch 2025"]
[Site "Rhodes"]
[Date "2025.04.04"]
[Round "5.3"]
[White "Kirtadze, Anastasia"]
[Black "Danielian, Elina"]
[Result "1-0"]
[Annotator "RC"]
[ECO "C14"]
[WhiteElo "2180"]
[BlackElo "2398"]
[PlyCount "41"]
[EventDate "2025.03.29"]
[EventType "swiss"]
[EventCountry "GRE"]
[SourceTitle "playchess.com"]
[Source "ChessBase"]
[SourceQuality "1"]
[TimeControl "40/5400+30:1800+30"]

1. e4 e6 2. d4 d5 3. Nc3 Nf6 4. Bg5 Be7 5. e5 Nfd7 6. Bxe7 Qxe7 7. f4 O-O 8. Nf3 c5 9. Bd3 f6 10. O-O Nc6 11. Nb5 cxd4 12. Qe2 fxe5 13. fxe5 Rf4 14. Qd2 Rxf3 15. Rxf3 Ndxe5 16. Rh3 h6 17. Rg3 Nxd3 18. Qxd3 e5 19. Qg6 Be6 20. Rf1 Re8 21. Nc7 1-0

[Event "European Womens-ch 2025"]
[Site "Rhodes"]
[Date "2025.04.04"]
[Round "5.4"]
[White "Zherebtsova, Alexandra"]
[Black "Narva, Mai"]
[Result "0-1"]
[Annotator "RC"]
[ECO "E71"]
[WhiteElo "2229"]
[BlackElo "2380"]
[PlyCount "94"]
[EventDate "2025.03.29"]
[EventType "swiss"]
[EventCountry "GRE"]
[SourceTitle "playchess.com"]
[Source "ChessBase"]
[SourceQuality "1"]
[TimeControl "40/5400+30:1800+30"]

1. d4 Nf6 2. c4 g6 3. Nc3 Bg7 4. e4 d6 5. h3 O-O 6. Be3 Nc6 7. d5 Ne5 8. f4 Ned7 9. g4 Re8 10. Bg2 e6 11. g5 Nh5 12. dxe6 Bxc3+ 13. bxc3 Rxe6 14. Ne2 Qe8 15. Qc2 f5 16. O-O fxe4 17. Nd4 Re7 18. f5 Nc5 19. f6 Rf7 20. Qf2 Bd7 21. Qh4 c6 22. Rad1 Qe5 23. Ne2 Re8 24. Rd4 d5 25. Rfd1 Nd3 26. cxd5 cxd5 27. c4 Bc6 28. cxd5 Bxd5 29. Nc1 Ndf4 30. R4d2 Bc6 31. Bf1 h6 32. gxh6 Qxf6 33. Qxf6 Rxf6 34. Rd8 Rff8 35. Rxe8 Rxe8 36. Nb3 Kh7 37. Kh2 Nd5 38. Bxa7 Ra8 39. Bc5 Rxa2+ 40. Rd2 Ra4 41. Rd4 b6 42. Bd6 Ne3 43. Bg2 Nf5 44. Rb4 Nxd6 45. Rxb6 Bd5 46. Nc5 Rc4 47. Nd7 Rc6 0-1

[Event "European Womens-ch 2025"]
[Site "Rhodes"]
[Date "2025.04.04"]
[Round "5.5"]
[White "Injac, Teodora"]
[Black "Zhukova, Natalia"]
[Result "1-0"]
[Annotator "RC"]
[ECO "A13"]
[WhiteElo "2454"]
[BlackElo "2306"]
[PlyCount "71"]
[EventDate "2025.03.29"]
[EventType "swiss"]
[EventCountry "GRE"]
[SourceTitle "playchess.com"]
[Source "ChessBase"]
[SourceQuality "1"]
[TimeControl "40/5400+30:1800+30"]

1. c4 e6 2. g3 d5 3. Bg2 Nf6 4. Nf3 d4 5. O-O c5 6. e3 Nc6 7. d3 Be7 8. exd4 cxd4 9. Na3 O-O 10. Re1 Re8 11. Nc2 a5 12. b3 h6 13. Bb2 Bc5 14. Ne5 Nxe5 15. Rxe5 Nd7 16. Re1 e5 17. a3 Nf6 18. b4 Ba7 19. Qd2 Rb8 20. c5 Nd5 21. Nxd4 Nf4 22. gxf4 exd4 23. Rxe8+ Qxe8 24. Bxd4 Bf5 25. Qe3 Qf8 26. Re1 Be6 27. b5 Re8 28. b6 Bb8 29. Bxb7 Bd7 30. Qd2 Rxe1+ 31. Qxe1 Bxf4 32. Qe4 Qb8 33. h4 Bh3 34. Bc6 Be6 35. Be3 Be5 36. d4 1-0

[Event "European Womens-ch 2025"]
[Site "Rhodes"]
[Date "2025.04.04"]
[Round "5.6"]
[White "Arabidze, Meri"]
[Black "Kochavi, Dana"]
[Result "1/2-1/2"]
[Annotator "RC"]
[ECO "E62"]
[WhiteElo "2447"]
[BlackElo "2301"]
[PlyCount "60"]
[EventDate "2025.03.29"]
[EventType "swiss"]
[EventCountry "GRE"]
[SourceTitle "playchess.com"]
[Source "ChessBase"]
[SourceQuality "1"]
[TimeControl "40/5400+30:1800+30"]

1. d4 Nf6 2. c4 g6 3. g3 Bg7 4. Bg2 d6 5. Nc3 O-O 6. Nf3 Nc6 7. d5 Na5 8. b3 a6 9. Bb2 Rb8 10. Nd2 b5 11. cxb5 axb5 12. b4 Nc4 13. Nxc4 bxc4 14. a3 e6 15. dxe6 Bxe6 16. Qd2 c5 17. Nd1 d5 18. e3 Ne4 19. Bxe4 Bxb2 20. Qxb2 dxe4 21. Nc3 cxb4 22. axb4 Qf6 23. O-O-O Rfd8 24. Rxd8+ Rxd8 25. Rd1 Rb8 26. Nxe4 Qxb2+ 27. Kxb2 Rxb4+ 28. Kc3 Rb3+ 29. Kd4 Rb8 30. Kc3 Rb3+ 1/2-1/2

[Event "European Womens-ch 2025"]
[Site "Rhodes"]
[Date "2025.04.04"]
[Round "5.7"]
[White "Mammadova, Gulnar"]
[Black "Tsolakidou, Stavroula"]
[Result "1/2-1/2"]
[Annotator "RC"]
[ECO "B31"]
[WhiteElo "2342"]
[BlackElo "2445"]
[PlyCount "44"]
[EventDate "2025.03.29"]
[EventType "swiss"]
[EventCountry "GRE"]
[SourceTitle "playchess.com"]
[Source "ChessBase"]
[SourceQuality "1"]
[TimeControl "40/5400+30:1800+30"]

1. e4 c5 2. Nf3 Nc6 3. Bb5 g6 4. Bxc6 bxc6 5. d4 Bg7 6. dxc5 Qa5+ 7. Nbd2 Qxc5 8. O-O d6 9. Nb3 Qb6 10. Re1 a5 11. a4 Nf6 12. h3 O-O 13. e5 dxe5 14. Nxe5 Qc7 15. Bf4 Nd5 16. Bg3 Qb6 17. Qd4 Qxd4 18. Nxd4 Bxe5 19. Rxe5 f6 20. Re2 e5 21. Nb3 Bf5 22. c3 Rfb8 1/2-1/2

[Event "European Womens-ch 2025"]
[Site "Rhodes"]
[Date "2025.04.04"]
[Round "5.8"]
[White "Ushenina, Anna"]
[Black "Zimina, Olga"]
[Result "1/2-1/2"]
[Annotator "RC"]
[ECO "D35"]
[WhiteElo "2428"]
[BlackElo "2293"]
[PlyCount "36"]
[EventDate "2025.03.29"]
[EventType "swiss"]
[EventCountry "GRE"]
[SourceTitle "playchess.com"]
[Source "ChessBase"]
[SourceQuality "1"]
[TimeControl "40/5400+30:1800+30"]

1. d4 Nf6 2. c4 e6 3. Nc3 d5 4. cxd5 exd5 5. Bg5 Bb4 6. e3 h6 7. Bh4 g5 8. Bg3 Ne4 9. Nge2 h5 10. h4 Nxg3 11. Nxg3 gxh4 12. Nxh5 c6 13. Qf3 Qg5 14. Be2 Be6 15. g4 hxg3 16. O-O-O Nd7 17. Qxg3 Qxg3 18. Nxg3 Ke7 1/2-1/2

[Event "European Womens-ch 2025"]
[Site "Rhodes"]
[Date "2025.04.04"]
[Round "5.9"]
[White "Heinemann, Josefine"]
[Black "Mkrtchian, Lilit"]
[Result "1/2-1/2"]
[Annotator "RC"]
[ECO "B19"]
[WhiteElo "2297"]
[BlackElo "2388"]
[PlyCount "37"]
[EventDate "2025.03.29"]
[EventType "swiss"]
[EventCountry "GRE"]
[SourceTitle "playchess.com"]
[Source "ChessBase"]
[SourceQuality "1"]
[TimeControl "40/5400+30:1800+30"]

1. e4 c6 2. d4 d5 3. Nd2 dxe4 4. Nxe4 Bf5 5. Ng3 Bg6 6. h4 h6 7. Nf3 e6 8. Ne5 Bh7 9. Bd3 Bxd3 10. Qxd3 Nd7 11. Bf4 Nxe5 12. Bxe5 Nf6 13. O-O-O Qa5 14. Kb1 O-O-O 15. Qf3 Qd5 16. Qe2 Bd6 17. c4 Qa5 18. f3 Rd7 19. a3 1/2-1/2

[Event "European Womens-ch 2025"]
[Site "Rhodes"]
[Date "2025.04.04"]
[Round "5.10"]
[White "Antolak, Julia"]
[Black "Milliet, Sophie"]
[Result "0-1"]
[Annotator "RC"]
[ECO "C77"]
[WhiteElo "2314"]
[BlackElo "2371"]
[PlyCount "100"]
[EventDate "2025.03.29"]
[EventType "swiss"]
[EventCountry "GRE"]
[SourceTitle "playchess.com"]
[Source "ChessBase"]
[SourceQuality "1"]
[TimeControl "40/5400+30:1800+30"]

1. e4 e5 2. Nf3 Nc6 3. Bb5 a6 4. Ba4 Nf6 5. O-O Bc5 6. Nc3 b5 7. Bb3 O-O 8. a4 b4 9. Nd5 Nxe4 10. d3 Nf6 11. Bg5 Be7 12. Nxe7+ Qxe7 13. Re1 h6 14. Bh4 Bb7 15. d4 e4 16. a5 Rfe8 17. c3 Rab8 18. d5 Ne5 19. Rxe4 Nxf3+ 20. gxf3 Qd6 21. Bg3 Qc5 22. cxb4 Qf8 23. Rd4 d6 24. Qd3 Re5 25. Rc1 Qd8 26. Bxe5 dxe5 27. d6 c5 28. Rdc4 e4 29. fxe4 Nxe4 30. Rxc5 Nxc5 31. Rxc5 Qh4 32. Qf5 Qxb4 33. Qxf7+ Kh8 34. Re5 Qg4+ 35. Kf1 Bg2+ 36. Ke1 Qb4+ 37. Ke2 Bc6 38. d7 Qg4+ 39. f3 Qg2+ 40. Kd3 Bxd7 41. Bc4 Qxb2 42. Re7 Bc6 43. Ke3 Rd8 44. Kf4 Qxh2+ 45. Kg4 Qg2+ 46. Kh4 Qh2+ 47. Kg4 Qg2+ 48. Kh4 Rd4+ 49. f4 Rxf4+ 50. Qxf4 g5+ 0-1

[Event "European Womens-ch 2025"]
[Site "Rhodes"]
[Date "2025.04.04"]
[Round "5.11"]
[White "Socko, Monika"]
[Black "Gevorgyan, Maria"]
[Result "1-0"]
[Annotator "RC"]
[ECO "C45"]
[WhiteElo "2369"]
[BlackElo "2234"]
[PlyCount "81"]
[EventDate "2025.03.29"]
[EventType "swiss"]
[EventCountry "GRE"]
[SourceTitle "playchess.com"]
[Source "ChessBase"]
[SourceQuality "1"]
[TimeControl "40/5400+30:1800+30"]

1. e4 e5 2. Nf3 Nc6 3. d4 exd4 4. Nxd4 Nf6 5. Nxc6 bxc6 6. Bd3 d5 7. exd5 cxd5 8. O-O Be7 9. h3 O-O 10. Nd2 c5 11. b3 Bb7 12. Bb2 Rb8 13. Re1 Ba8 14. Be5 Bd6 15. Nf3 Re8 16. Bxd6 Qxd6 17. Qd2 d4 18. Nh2 Qd5 19. f3 Qd7 20. Ng4 Nd5 21. Qg5 Rb6 22. Qf5 Rbe6 23. Qxh7+ Kf8 24. Qh8+ Ke7 25. Qxg7 Kd8 26. Ne5 Qe7 27. Nxf7+ Kc7 28. Rxe6 Qxe6 29. Ng5+ Qe7 30. Qxe7+ Rxe7 31. Kf2 Ne3 32. Ne4 Kb6 33. g4 c4 34. bxc4 Bxe4 35. Bxe4 Nxc4 36. Rb1+ Kc5 37. Rb7 Rxb7 38. Bxb7 Kb4 39. h4 Nd6 40. Bd5 a5 41. h5 1-0

[Event "European Womens-ch 2025"]
[Site "Rhodes"]
[Date "2025.04.04"]
[Round "5.12"]
[White "Bulmaga, Irina"]
[Black "Calzetta Ruiz, Monica"]
[Result "1-0"]
[Annotator "RC"]
[ECO "B27"]
[WhiteElo "2362"]
[BlackElo "2230"]
[PlyCount "63"]
[EventDate "2025.03.29"]
[EventType "swiss"]
[EventCountry "GRE"]
[SourceTitle "playchess.com"]
[Source "ChessBase"]
[SourceQuality "1"]
[TimeControl "40/5400+30:1800+30"]

1. e4 c5 2. Nf3 g6 3. c3 d5 4. e5 Bg4 5. Bb5+ Nc6 6. O-O Rc8 7. d4 cxd4 8. cxd4 Qb6 9. Nc3 e6 10. Be3 Nge7 11. h3 Bxf3 12. Qxf3 Bg7 13. Bxc6+ Nxc6 14. Na4 Qb5 15. Qd1 b6 16. h4 h5 17. Rb1 Ne7 18. Nc3 Qd7 19. Qd2 Nf5 20. Bg5 O-O 21. Ne2 Rc6 22. f3 Rfc8 23. Rbc1 Bf8 24. g4 Rxc1 25. Rxc1 hxg4 26. Rxc8 Qxc8 27. fxg4 Ne7 28. Kf2 a5 29. Bf6 a4 30. h5 Qc4 31. Qg5 Qxa2 32. Bxe7 1-0

[Event "European Womens-ch 2025"]
[Site "Rhodes"]
[Date "2025.04.04"]
[Round "5.13"]
[White "Urh, Zala"]
[Black "Kiolbasa, Oliwia"]
[Result "1/2-1/2"]
[Annotator "RC"]
[ECO "E01"]
[WhiteElo "2244"]
[BlackElo "2360"]
[PlyCount "115"]
[EventDate "2025.03.29"]
[EventType "swiss"]
[EventCountry "GRE"]
[SourceTitle "playchess.com"]
[Source "ChessBase"]
[SourceQuality "1"]
[TimeControl "40/5400+30:1800+30"]

1. d4 Nf6 2. c4 e6 3. Nf3 d5 4. g3 h6 5. Bg2 Bd6 6. O-O O-O 7. Qc2 b6 8. Nc3 Bb7 9. Rd1 Nbd7 10. b3 a6 11. Bb2 Qe7 12. Nd2 c5 13. dxc5 Bxc5 14. e3 Rac8 15. Rac1 b5 16. cxd5 exd5 17. Qf5 Qe6 18. Qxe6 fxe6 19. Bh3 Kf7 20. Ne2 g5 21. Bg2 e5 22. a3 a5 23. Nc3 b4 24. axb4 axb4 25. Na4 Ba7 26. Nf3 Ke6 27. Ne1 Bc6 28. Nd3 Bxa4 29. bxa4 b3 30. a5 Rfd8 31. Nb4 Rxc1 32. Rxc1 Bc5 33. Nd3 Bd6 34. Rc6 Ke7 35. f4 e4 36. Nc1 Nc5 37. Rb6 gxf4 38. gxf4 Nfd7 39. Rb5 Rb8 40. Rxb8 Nxb8 41. Ba1 Nc6 42. a6 Bb8 43. Bf1 Ba7 44. Bb5 Nxa6 45. Kf2 Ncb4 46. Bxa6 Nxa6 47. Nxb3 Nc5 48. Nxc5 Bxc5 49. Bg7 h5 50. Bc3 Ke6 51. Bd2 Kf5 52. Kg3 Be7 53. Bc3 Bc5 54. Bd2 d4 55. exd4 Bxd4 56. Kh4 e3 57. Bxe3 Bxe3 58. Kxh5 1/2-1/2

[Event "European Womens-ch 2025"]
[Site "Rhodes"]
[Date "2025.04.04"]
[Round "5.14"]
[White "Velikic, Adela"]
[Black "Gaponenko, Inna"]
[Result "1/2-1/2"]
[Annotator "RC"]
[ECO "B45"]
[WhiteElo "2214"]
[BlackElo "2349"]
[PlyCount "35"]
[EventDate "2025.03.29"]
[EventType "swiss"]
[EventCountry "GRE"]
[SourceTitle "playchess.com"]
[Source "ChessBase"]
[SourceQuality "1"]
[TimeControl "40/5400+30:1800+30"]

1. e4 c5 2. Nf3 Nc6 3. d4 cxd4 4. Nxd4 Nf6 5. Nc3 e6 6. Ndb5 Bb4 7. a3 Bxc3+ 8. Nxc3 d5 9. exd5 exd5 10. Bd3 O-O 11. O-O Bg4 12. f3 Bh5 13. Bg5 Qb6+ 14. Kh1 Ne4 15. Nxe4 dxe4 16. Bxe4 Qxb2 17. Qb1 Qb6 18. Qxb6 1/2-1/2

[Event "European Womens-ch 2025"]
[Site "Rhodes"]
[Date "2025.04.04"]
[Round "5.15"]
[White "Batsiashvili, Nino"]
[Black "Radeva, Viktoria"]
[Result "1-0"]
[Annotator "TA"]
[ECO "A11"]
[WhiteElo "2473"]
[BlackElo "2297"]
[PlyCount "89"]
[EventDate "2025.03.29"]
[EventType "swiss"]
[EventCountry "GRE"]
[SourceTitle "playchess.com"]
[Source "ChessBase"]
[SourceQuality "1"]
[TimeControl "40/5400+30:1800+30"]

1. c4 e6 2. Nf3 d5 3. e3 Nf6 4. Nc3 c6 5. b3 Bd6 6. Bb2 O-O 7. Be2 Nbd7 8. Qc2 b6 {[%emt 0:06:21] A11: English Opening: 1...c6.} 9. h4 Bb7 10. g4 $146 (10. O-O-O e5 11. Kb1 a6 12. Ng5 b5 13. d3 h6 14. Nh3 d4 15. Ne4 Nxe4 16. dxe4 {½-½ Ambartsumova,K (2399)-Tarasova,V (2226) Titled Tuesday intern op 15th Nov Early blitz 2022 (6)}) 10... c5 (10... Nxg4 $17 11. Rg1 Ngf6) 11. Nb5 $14 Bb8 12. g5 Ne4 13. cxd5 (13. Rg1 $14) 13... exd5 $11 14. d3 Nd6 15. d4 Re8 (15... Qe7 $11) 16. Rd1 (16. g6 {looks sharper.} hxg6 17. h5 gxh5 18. dxc5 Nxc5 19. Nxd6 Qxd6 20. Rxh5 Qg6 21. Qxg6 fxg6 22. Rg5) 16... Ne4 17. Nc3 Qe7 18. Bb5 a6 ({Black should play} 18... Rd8 $11) 19. Bxd7 $14 Qxd7 20. Nxe4 Rxe4 21. dxc5 d4 $2 {[%emt 0:07:53][%mdl 8192] White leaves nothing to chance now.} 22. Nxd4 $18 bxc5 {[%emt 0:02:09] [#]} 23. Nf3 (23. Qxc5 Ba7 (23... Re5 24. Qc3 $14) 24. Qa5 Bxd4 (24... Rxd4 25. Bxd4 Bf3 26. Qe5 $18) 25. Bxd4 Ree8 $14) (23. Nf5 $1 $18 Qe8 24. Bxg7 (24. Nxg7 Rxe3+ 25. Kf1 Qb5+ 26. Kg1 Be5 $18)) 23... Bd6 $2 (23... Qe8 $16) 24. Qc3 f6 25. gxf6 Rg4 {[%emt 0:00:43] [#]} 26. Ng5 Rxg5 27. hxg5 {[%emt 0:00:02][%cal Og5g6] g6! would kill now.} Bxh1 28. Qc4+ (28. fxg7 Rd8) 28... Qf7 29. Qxf7+ ({But not} 29. Rxd6 Qxc4 30. bxc4 Rb8) 29... Kxf7 30. Rxd6 gxf6 31. Rxf6+ {[%emt 0:00:36][%mdl 4096] Endgame KRB-KRB. White is two pawns up.} Ke7 32. f3 c4 $2 (32... Rf8 {was worth a try.} 33. Rh6 (33. Rxa6 Bxf3 34. Ra7+ Kd6 $18) 33... Bxf3 34. Rxh7+ (34. Rxa6 Ra8 $18) 34... Kd6 35. Rh6+ Kd7) 33. bxc4 {[%emt 0:00:17] White is clearly winning.} Rb8 34. Ba3+ Kd7 35. Kf2 Rb1 36. Rxa6 Ra1 37. Bb2 Rd1 38. Bd4 Rd2+ 39. Kg3 {[%emt 0:00:14] Rh6 would now be deadly.} Rg2+ 40. Kf4 Rf2 41. Rh6 Bxf3 42. Rxh7+ Ke6 43. Rh6+ Ke7 44. Kg3 Rf1 45. Rf6 {[%emt 0:00:14] Weighted Error Value: White=0.26 (precise) /Black=0.59  Loses game:     	---       	Black=1      Missed win:     	White=1     	---        Mistake:       	White=2     	Black=5      Inaccurate:     	White=1     	Black=2      OK:         	White=10    	Black=5      Best:        	White=5     	Black=6} 1-0

[Event "European Womens-ch 2025"]
[Site "Rhodes"]
[Date "2025.04.04"]
[Round "5.16"]
[White "Wagner, Dinara"]
[Black "Krasteva, Beloslava"]
[Result "1/2-1/2"]
[Annotator "RC"]
[ECO "E90"]
[WhiteElo "2440"]
[BlackElo "2257"]
[PlyCount "84"]
[EventDate "2025.03.29"]
[EventType "swiss"]
[EventCountry "GRE"]
[SourceTitle "playchess.com"]
[Source "ChessBase"]
[SourceQuality "1"]
[TimeControl "40/5400+30:1800+30"]

1. d4 d6 2. Nf3 Nf6 3. c4 g6 4. Nc3 Bg7 5. e4 Bg4 6. Be2 Bxf3 7. Bxf3 e5 8. d5 h5 9. Qb3 Qc8 10. Bg5 Nbd7 11. Qa4 Kf8 12. h4 Bh6 13. Bxh6+ Rxh6 14. O-O-O Nc5 15. Qc2 a5 16. Kb1 Kg7 17. g3 Rh8 18. Bg2 Re8 19. Bh3 Qd8 20. Rde1 a4 21. a3 c6 22. Rhf1 Re7 23. f4 cxd5 24. cxd5 Qe8 25. f5 b5 26. Na2 Rc7 27. Nb4 Na6 28. Nc6 Nb8 29. Qf2 Nxc6 30. fxg6 Qd8 31. dxc6 fxg6 32. Be6 Rb8 33. Bd5 b4 34. Qe3 bxa3 35. Qxa3 Nxd5 36. exd5 Rb3 37. Qxa4 Qb8 38. Re2 Ra7 39. Qc4 Rb4 40. Qc3 Rb3 41. Qc4 Rb4 42. Qc3 Rb3 1/2-1/2

[Event "European Womens-ch 2025"]
[Site "Rhodes"]
[Date "2025.04.04"]
[Round "5.17"]
[White "Yao, Lan"]
[Black "Javakhishvili, Lela"]
[Result "1/2-1/2"]
[Annotator "RC"]
[ECO "C47"]
[WhiteElo "2294"]
[BlackElo "2429"]
[PlyCount "30"]
[EventDate "2025.03.29"]
[EventType "swiss"]
[EventCountry "GRE"]
[SourceTitle "playchess.com"]
[Source "ChessBase"]
[SourceQuality "1"]
[TimeControl "40/5400+30:1800+30"]

1. e4 e5 2. Nf3 Nc6 3. d4 exd4 4. Nxd4 Nf6 5. Nc3 Bb4 6. Nxc6 bxc6 7. Bd3 d5 8. exd5 O-O 9. O-O cxd5 10. h3 Be6 11. Qf3 Rb8 12. Bf4 Bd6 13. b3 c5 14. Bxd6 Qxd6 15. Rad1 Qc7 1/2-1/2

[Event "European Womens-ch 2025"]
[Site "Rhodes"]
[Date "2025.04.04"]
[Round "5.18"]
[White "Smietanska, Wiktoria"]
[Black "Kulon, Klaudia"]
[Result "1-0"]
[Annotator "RC"]
[ECO "C02"]
[WhiteElo "2254"]
[BlackElo "2401"]
[PlyCount "103"]
[EventDate "2025.03.29"]
[EventType "swiss"]
[EventCountry "GRE"]
[SourceTitle "playchess.com"]
[Source "ChessBase"]
[SourceQuality "1"]
[TimeControl "40/5400+30:1800+30"]

1. e4 e6 2. d4 d5 3. e5 c5 4. c3 Nc6 5. Nf3 Qb6 6. a3 c4 7. Nbd2 Na5 8. Rb1 Bd7 9. h4 O-O-O 10. h5 h6 11. b4 cxb3 12. Nxb3 Ba4 13. Nfd2 Be7 14. Qc2 Bg5 15. Qa2 Bxb3 16. Nxb3 Bxc1 17. Nc5 Qc7 18. Rxc1 Ne7 19. Be2 Nec6 20. f4 b6 21. Na6 Qe7 22. Nb4 Kb8 23. Bb5 Rc8 24. O-O Ka8 25. Qe2 Rc7 26. f5 Qg5 27. Rcd1 Ne7 28. fxe6 fxe6 29. Qf3 Nc4 30. Na6 Rcc8 31. Rf2 Ne3 32. Rd3 Ng4 33. Rf1 Qxh5 34. Qh3 Qg6 35. Rdf3 h5 36. Bd7 Rc4 37. Rf7 Nf5 38. R7xf5 Kb7 39. Nc5+ bxc5 40. Rf7 Ka6 41. a4 Rb8 42. Bb5+ Rxb5 43. axb5+ Kb6 44. Qh4 Rxc3 45. dxc5+ Kxb5 46. Qe7 Kc4 47. Qxa7 Ne3 48. Qa6+ Kxc5 49. Qa7+ Kc4 50. Rc7+ Kb4 51. Qb6+ Ka4 52. Ra7# 1-0

[Event "European Womens-ch 2025"]
[Site "Rhodes"]
[Date "2025.04.04"]
[Round "5.19"]
[White "Daulyte-Cornette, Deimante"]
[Black "Sieber, Fiona"]
[Result "1-0"]
[Annotator "RC"]
[ECO "B89"]
[WhiteElo "2389"]
[BlackElo "2276"]
[PlyCount "91"]
[EventDate "2025.03.29"]
[EventType "swiss"]
[EventCountry "GRE"]
[SourceTitle "playchess.com"]
[Source "ChessBase"]
[SourceQuality "1"]
[TimeControl "40/5400+30:1800+30"]

1. e4 c5 2. Nf3 d6 3. d4 cxd4 4. Nxd4 Nf6 5. Nc3 Nc6 6. Bc4 e6 7. Be3 Bd7 8. Qe2 a6 9. Bb3 Na5 10. O-O-O b5 11. f3 b4 12. Na4 Be7 13. g4 Qc7 14. g5 Nh5 15. Kb1 O-O 16. f4 g6 17. f5 Nxb3 18. axb3 e5 19. f6 Bd8 20. Nf5 Bxf5 21. exf5 Qc6 22. Rhf1 Rc8 23. fxg6 hxg6 24. c4 Re8 25. Rd5 Re6 26. Qf2 a5 27. Qh4 e4 28. Ka2 Qe8 29. Rfd1 Rxc4 30. Rxd6 Rxd6 31. Rxd6 Bc7 32. Rd2 Rc1 33. Rd4 Rh1 34. Qxe4 Qxe4 35. Rxe4 Re1 36. Re8+ Kh7 37. Re7 Bxh2 38. Bd4 Rf1 39. Rxf7+ Kg8 40. Ra7 Rf5 41. Nc5 Bd6 42. Ne6 Nf4 43. Rg7+ Kh8 44. f7 Nxe6 45. Rg8+ Kh7 46. Rh8# 1-0

[Event "European Womens-ch 2025"]
[Site "Rhodes"]
[Date "2025.04.04"]
[Round "5.20"]
[White "Vega Gutierrez, Sabrina"]
[Black "Lehaci, Miruna-Daria"]
[Result "1-0"]
[Annotator "RC"]
[ECO "C50"]
[WhiteElo "2380"]
[BlackElo "2212"]
[PlyCount "97"]
[EventDate "2025.03.29"]
[EventType "swiss"]
[EventCountry "GRE"]
[SourceTitle "playchess.com"]
[Source "ChessBase"]
[SourceQuality "1"]
[TimeControl "40/5400+30:1800+30"]

1. e4 e5 2. Nf3 Nc6 3. Bc4 d6 4. c3 f5 5. d3 f4 6. a4 Qe7 7. a5 a6 8. Qb3 Nf6 9. d4 Nd8 10. dxe5 dxe5 11. Nbd2 Bd7 12. O-O g5 13. Nxg5 Qg7 14. Ndf3 Ng4 15. h3 Nxf2 16. Rxf2 Bc5 17. Be6 Bxf2+ 18. Kxf2 Nxe6 19. Nxe6 Qg3+ 20. Kf1 Rg8 21. Nxc7+ Kd8 22. Qxg8+ Qxg8 23. Nxa8 Qg3 24. Bd2 Bxh3 25. Ne1 Bg4 26. c4 Qb3 27. Ra3 Qxc4+ 28. Rd3+ Ke8 29. Bc3 Qxe4 30. Rd2 Qc4+ 31. Kg1 Qc5+ 32. Kh2 e4 33. Rd4 Qe7 34. Nb6 f3 35. Kg1 fxg2 36. Nd5 Qh4 37. Rxe4+ Kf8 38. Rf4+ Ke8 39. Nxg2 Qg5 40. Nf6+ Kd8 41. Rxg4 Qc5+ 42. Rd4+ Kc7 43. Nd5+ Kd7 44. Nge3 Qf8 45. Nf4+ Kc6 46. Rc4+ Kb5 47. Nfd5 Qg8+ 48. Kf2 Qf7+ 49. Ke1 1-0

[Event "European Womens-ch 2025"]
[Site "Rhodes"]
[Date "2025.04.04"]
[Round "5.21"]
[White "Atalik, Ekaterina"]
[Black "Gaboyan, Susanna"]
[Result "1/2-1/2"]
[Annotator "RC"]
[ECO "D35"]
[WhiteElo "2375"]
[BlackElo "2200"]
[PlyCount "101"]
[EventDate "2025.03.29"]
[EventType "swiss"]
[EventCountry "GRE"]
[SourceTitle "playchess.com"]
[Source "ChessBase"]
[SourceQuality "1"]
[TimeControl "40/5400+30:1800+30"]

1. d4 d5 2. c4 e6 3. Nc3 Nf6 4. cxd5 exd5 5. Bg5 Be7 6. e3 O-O 7. Bd3 Re8 8. h3 c6 9. Nge2 Nbd7 10. O-O Ne4 11. Bxe7 Qxe7 12. Bxe4 dxe4 13. Ng3 Nf6 14. Qc2 h5 15. f3 exf3 16. Rxf3 h4 17. Nf5 Bxf5 18. Qxf5 Rad8 19. Raf1 Rd6 20. a3 Re6 21. Nd1 Rf8 22. Qg5 Ne4 23. Qxe7 Rxe7 24. Re1 f5 25. Nc3 Nd2 26. Rf2 Nc4 27. Rfe2 Rfe8 28. Kf2 Nd6 29. Rg1 Ne4+ 30. Nxe4 Rxe4 31. Kf3 Kf7 32. Rd1 f4 33. d5 Rxe3+ 34. Rxe3 fxe3 35. Ke2 cxd5 36. Rxd5 Re7 37. Rd4 g5 38. Rb4 Kf6 39. Rb5 b6 40. a4 Re4 41. a5 bxa5 42. Rxa5 Rb4 43. Kxe3 Rxb2 44. Kf3 Rb3+ 45. Kf2 Rb7 46. Kf3 Kg6 47. Ra6+ Kh5 48. Kf2 Rb2+ 49. Kg1 Rb1+ 50. Kf2 Rb2+ 51. Kg1 1/2-1/2